[ PARTIDA AOE2 · #506795105 ]
UnrankedEtíopes vs Romans
Equipo del jugador · DERR
Equipo rival · VICT
[ ANÁLISIS DE REPETICIÓN · EXTRAÍDO DE LA PARTIDA GRABADA ]
Feudal
12:11
Castillos
32:17
Imperial
—
| APM promedio | 45.3 |
| APM pico | 72 |
| eAPM promedio | 20.5 |
| Aldeanos / militares | 85 / 106 |
Foco
⚔️ 34.7% · 🌾 65.3%
Archer ×53 · Cavalry Archer ×22 · Militia ×8 · Skirmisher ×7 · Spearman ×6 · Camel Scout ×4
Feudal
9:16
Castillos
23:04
Imperial
—
| APM promedio | 39.5 |
| APM pico | 71 |
| eAPM promedio | 23.5 |
| Aldeanos / militares | 152 / 84 |
Foco
⚔️ 38.1% · 🌾 61.9%
Scorpion ×18 · Knight ×16 · Archer ×15 · Centurion ×13 · Battering Ram ×11 · Mangonel ×4
Mapa de la partida
Recursos iniciales + cada clic de construcción. Líneas = muros · curvas = relieve. ◆ oro · ⬟ piedra · ● bayas · ✦ reliquia · ◌ hueco del cierre
Tu base· ✓ Cerrada en 32:17 · 78t muro · sin puerta
Base de lightsout· ✓ Cerrada en 23:04 · 70t muro · 1 puerta(s)
Terreno inicial suavizado · ◌ = hueco del cierre detectado · pasá el cursor para detalles
Inputs por minuto
— baoquanghuy1605 - - lightsout
Build order — baoquanghuy1605
Primeras 150 de 341 acciones detectadas
| 0:01 | Encolar | Villager (Male) |
| 0:01 | Encolar | Villager (Male) |
| 0:02 | Construir | House |
| 0:04 | Construir | House |
| 0:21 | Encolar | Villager (Male) |
| 0:21 | Encolar | Villager (Male) |
| 1:29 | Encolar | Villager (Male) |
| 1:52 | Encolar | Villager (Male) |
| 2:21 | Construir | Lumber Camp |
| 2:29 | Encolar | Villager (Male) |
| 2:51 | Encolar | Villager (Male) |
| 3:20 | Encolar | Villager (Male) |
| 3:26 | Construir | House |
| 3:45 | Encolar | Villager (Male) |
| 3:45 | Encolar | Villager (Male) |
| 4:06 | Encolar | Villager (Male) |
| 4:06 | Encolar | Villager (Male) |
| 4:54 | Construir | Barracks |
| 5:01 | Encolar | Villager (Male) |
| 5:11 | Construir | House |
| 5:20 | Encolar | Villager (Male) |
| 5:44 | Encolar | Villager (Male) |
| 5:48 | Encolar | Militia |
| 5:49 | Encolar | Militia |
| 5:49 | Encolar | Militia |
| 6:05 | Construir | House |
| 6:17 | Encolar | Villager (Male) |
| 6:27 | Encolar | Militia |
| 6:32 | Construir | Mill |
| 6:53 | Encolar | Villager (Male) |
| 6:56 | Construir | House |
| 7:18 | Encolar | Villager (Male) |
| 7:36 | Encolar | Villager (Male) |
| 7:49 | Encolar | Villager (Male) |
| 8:08 | Construir | Palisade Wall |
| 8:09 | Construir | House |
| 8:20 | Construir | Mining Camp |
| 8:24 | Encolar | Villager (Male) |
| 8:40 | Construir | Palisade Wall |
| 8:44 | Construir | Palisade Wall |
| 8:47 | Construir | Palisade Wall |
| 8:47 | Construir | Palisade Wall |
| 8:55 | Encolar | Villager (Male) |
| 9:12 | Construir | Mill |
| 9:25 | Investigar | Loom |
| 9:26 | Investigar | Loom |
| 9:48 | Construir | House |
| 9:49 | Construir | Palisade Wall |
| 9:50 | Construir | Palisade Wall |
| 10:01 | Investigar | Feudal Age |
| 10:01 | Investigar | Feudal Age |
| 10:25 | Construir | Palisade Wall |
| 10:26 | Encolar | Militia |
| 10:33 | Construir | House |
| 10:40 | Construir | Palisade Wall |
| 10:44 | Construir | Palisade Wall |
| 10:48 | Construir | Palisade Wall |
| 11:04 | Encolar | Militia |
| 11:14 | Construir | House |
| 11:16 | Construir | Palisade Wall |
| 11:17 | Encolar | Militia |
| 11:46 | Construir | House |
| 11:48 | Construir | Palisade Wall |
| 11:48 | Construir | Palisade Wall |
| 11:59 | Encolar | Militia |
| 12:11 | Edad | Edad Feudal |
| 12:17 | Investigar | Man-at-Arms (upgrade) |
| 12:17 | Investigar | Man-at-Arms (upgrade) |
| 12:18 | Encolar | Villager (Male) |
| 12:35 | Construir | Archery Range |
| 12:45 | Encolar | Villager (Male) |
| 13:12 | Encolar | Villager (Male) |
| 13:15 | Construir | Blacksmith |
| 13:30 | Encolar | Archer |
| 13:56 | Encolar | Villager (Male) |
| 14:00 | Investigar | Fletching |
| 14:00 | Investigar | Fletching |
| 14:06 | Construir | Farm |
| 14:07 | Construir | Farm |
| 14:20 | Encolar | Archer |
| 14:41 | Encolar | Villager (Male) |
| 14:43 | Encolar | Archer |
| 14:47 | Construir | Farm |
| 14:50 | Construir | Farm |
| 15:18 | Construir | Farm |
| 15:18 | Encolar | Villager (Male) |
| 15:19 | Encolar | Archer |
| 15:42 | Investigar | Double-Bit Axe |
| 15:46 | Encolar | Villager (Male) |
| 16:20 | Encolar | Villager (Male) |
| 16:24 | Construir | Lumber Camp |
| 16:44 | Encolar | Archer |
| 16:48 | Encolar | Villager (Male) |
| 17:13 | Encolar | Villager (Male) |
| 17:18 | Construir | Archery Range |
| 17:40 | Encolar | Villager (Male) |
| 17:45 | Construir | Farm |
| 17:53 | Construir | Archery Range |
| 17:59 | Encolar | Villager (Male) |
| 18:15 | Encolar | Skirmisher |
| 18:18 | Construir | Farm |
| 18:18 | Encolar | Villager (Male) |
| 18:20 | Encolar | Archer |
| 18:44 | Construir | Lumber Camp |
| 18:47 | Construir | Archery Range |
| 18:51 | Encolar | Archer |
| 18:52 | Encolar | Archer |
| 18:57 | Encolar | Villager (Male) |
| 19:05 | Construir | Mining Camp |
| 19:13 | Encolar | Archer |
| 19:14 | Encolar | Archer |
| 19:14 | Encolar | Archer |
| 19:20 | Investigar | Padded Archer Armor |
| 19:20 | Investigar | Padded Archer Armor |
| 19:20 | Encolar | Villager (Male) |
| 19:28 | Encolar | Archer |
| 19:48 | Encolar | Archer |
| 19:51 | Construir | House |
| 19:53 | Construir | House |
| 19:53 | Encolar | Villager (Male) |
| 20:21 | Encolar | Archer |
| 20:22 | Encolar | Skirmisher |
| 20:23 | Encolar | Skirmisher |
| 20:23 | Encolar | Skirmisher |
| 20:27 | Encolar | Villager (Male) |
| 20:31 | Construir | House |
| 20:35 | Construir | House |
| 20:37 | Construir | House |
| 20:39 | Construir | Palisade Wall |
| 20:40 | Construir | Palisade Wall |
| 20:44 | Encolar | Skirmisher |
| 20:51 | Encolar | Archer |
| 20:52 | Encolar | Archer |
| 20:53 | Encolar | Archer |
| 20:54 | Encolar | Archer |
| 20:57 | Encolar | Villager (Male) |
| 21:34 | Encolar | Villager (Male) |
| 21:36 | Encolar | Archer |
| 21:36 | Encolar | Archer |
| 21:37 | Encolar | Archer |
| 21:37 | Encolar | Archer |
| 21:37 | Encolar | Archer |
| 21:37 | Encolar | Archer |
| 21:38 | Encolar | Archer |
| 21:52 | Construir | Watch Tower |
| 21:56 | Encolar | Villager (Male) |
| 22:00 | Construir | Watch Tower |
| 22:09 | Encolar | Archer |
| 22:10 | Encolar | Archer |
| 22:11 | Encolar | Archer |
Build order — lightsout
Primeras 150 de 399 acciones detectadas
| 0:00 | Encolar | Villager (Male) |
| 0:02 | Construir | House |
| 0:03 | Construir | House |
| 0:11 | Encolar | Villager (Male) |
| 0:24 | Encolar | Villager (Male) |
| 0:25 | Encolar | Villager (Male) |
| 1:26 | Encolar | Villager (Male) |
| 1:48 | Encolar | Villager (Male) |
| 2:01 | Construir | Lumber Camp |
| 2:18 | Encolar | Villager (Male) |
| 2:43 | Encolar | Villager (Male) |
| 3:03 | Construir | House |
| 3:05 | Encolar | Villager (Male) |
| 3:26 | Encolar | Villager (Male) |
| 3:57 | Encolar | Villager (Male) |
| 3:57 | Encolar | Villager (Male) |
| 4:21 | Construir | Mill |
| 4:26 | Encolar | Villager (Male) |
| 4:26 | Encolar | Villager (Male) |
| 4:55 | Encolar | Villager (Male) |
| 5:17 | Encolar | Villager (Male) |
| 5:44 | Encolar | Villager (Male) |
| 5:59 | Construir | Barracks |
| 6:12 | Encolar | Villager (Male) |
| 6:17 | Investigar | Loom |
| 6:22 | Construir | Palisade Wall |
| 6:23 | Construir | Palisade Wall |
| 6:23 | Construir | Palisade Wall |
| 6:23 | Construir | Palisade Wall |
| 6:25 | Construir | Palisade Wall |
| 6:25 | Construir | Palisade Wall |
| 6:57 | Investigar | Feudal Age |
| 7:13 | Encolar | Militia |
| 7:17 | Construir | House |
| 7:35 | Construir | Palisade Wall |
| 7:46 | Construir | Palisade Wall |
| 7:47 | Construir | Palisade Wall |
| 7:50 | Encolar | Villager (Male) |
| 8:06 | Construir | Palisade Wall |
| 8:07 | Construir | Palisade Wall |
| 8:21 | Encolar | Militia |
| 8:25 | Construir | Mining Camp |
| 8:42 | Encolar | Militia |
| 9:16 | Edad | Edad Feudal |
| 9:20 | Investigar | Man-at-Arms (upgrade) |
| 9:51 | Encolar | Villager (Male) |
| 9:59 | Encolar | Villager (Male) |
| 9:59 | Investigar | Double-Bit Axe |
| 10:37 | Encolar | Villager (Male) |
| 10:48 | Construir | House |
| 10:50 | Construir | Palisade Wall |
| 11:08 | Encolar | Villager (Male) |
| 11:15 | Construir | Archery Range |
| 11:17 | Construir | Palisade Wall |
| 11:21 | Encolar | Villager (Male) |
| 11:38 | Construir | House |
| 11:43 | Encolar | Villager (Male) |
| 11:47 | Construir | Palisade Wall |
| 11:54 | Construir | Palisade Wall |
| 11:59 | Construir | Palisade Wall |
| 12:02 | Encolar | Archer |
| 12:06 | Encolar | Spearman |
| 12:32 | Construir | Palisade Gate |
| 12:41 | Encolar | Villager (Male) |
| 12:42 | Encolar | Villager (Male) |
| 12:45 | Construir | Mill |
| 12:50 | Construir | Farm |
| 12:50 | Construir | Farm |
| 12:51 | Construir | Farm |
| 13:00 | Construir | Palisade Wall |
| 13:02 | Construir | Palisade Wall |
| 13:06 | Construir | Palisade Wall |
| 13:09 | Construir | Palisade Wall |
| 13:11 | Construir | Palisade Wall |
| 13:14 | Encolar | Archer |
| 13:14 | Encolar | Archer |
| 13:17 | Construir | Farm |
| 13:28 | Construir | Palisade Wall |
| 13:29 | Construir | Palisade Wall |
| 13:38 | Construir | Palisade Wall |
| 13:43 | Construir | House |
| 13:55 | Construir | Palisade Wall |
| 14:03 | Construir | Farm |
| 14:06 | Encolar | Villager (Male) |
| 14:06 | Encolar | Villager (Male) |
| 14:08 | Construir | Farm |
| 14:16 | Construir | Palisade Wall |
| 14:16 | Construir | Palisade Wall |
| 14:17 | Construir | Palisade Wall |
| 14:44 | Encolar | Villager (Male) |
| 14:46 | Construir | Farm |
| 14:58 | Construir | Blacksmith |
| 15:07 | Encolar | Villager (Male) |
| 15:16 | Encolar | Archer |
| 15:19 | Encolar | Villager (Male) |
| 15:23 | Construir | Palisade Wall |
| 15:35 | Encolar | Archer |
| 15:36 | Encolar | Villager (Male) |
| 15:38 | Construir | Farm |
| 15:40 | Construir | Farm |
| 15:53 | Investigar | Fletching |
| 15:55 | Construir | House |
| 16:03 | Encolar | Villager (Male) |
| 16:21 | Encolar | Archer |
| 16:38 | Encolar | Villager (Male) |
| 16:41 | Construir | House |
| 16:44 | Encolar | Villager (Male) |
| 16:46 | Construir | Farm |
| 16:51 | Construir | Farm |
| 17:00 | Investigar | Padded Archer Armor |
| 17:09 | Encolar | Archer |
| 17:20 | Construir | House |
| 17:26 | Construir | Lumber Camp |
| 17:39 | Encolar | Villager (Male) |
| 17:42 | Construir | Farm |
| 17:44 | Encolar | Archer |
| 17:45 | Construir | Farm |
| 17:56 | Encolar | Villager (Male) |
| 18:17 | Encolar | Villager (Male) |
| 18:43 | Encolar | Villager (Male) |
| 18:46 | Construir | Farm |
| 18:47 | Construir | Farm |
| 18:58 | Investigar | Wheelbarrow |
| 19:03 | Construir | House |
| 19:04 | Construir | House |
| 19:09 | Construir | Farm |
| 19:13 | Encolar | Archer |
| 19:14 | Encolar | Archer |
| 20:22 | Encolar | Villager (Male) |
| 20:23 | Investigar | Castle Age |
| 20:26 | Encolar | Archer |
| 20:26 | Encolar | Archer |
| 20:53 | Construir | Stable |
| 21:00 | Encolar | Villager (Male) |
| 21:01 | Encolar | Archer |
| 21:43 | Investigar | Scale Barding Armor |
| 21:52 | Investigar | Horse Collar |
| 21:54 | Investigar | Bloodlines |
| 21:59 | Construir | House |
| 22:04 | Encolar | Archer |
| 22:48 | Encolar | Scout Cavalry |
| 22:58 | Encolar | Archer |
| 23:04 | Edad | Edad de los Castillos |
| 23:04 | Encolar | Villager (Male) |
| 23:06 | Investigar | Bow Saw |
| 23:08 | Investigar | Chain Barding Armor |
| 23:10 | Encolar | Knight |
| 23:45 | Encolar | Knight |
| 23:47 | Encolar | Villager (Male) |
| 23:57 | Encolar | Villager (Male) |
Cronología de la partida
| 4:54 | baoquanghuy1605 · first_building Barracks |
| 5:59 | lightsout · first_building Barracks |
| 6:22 | lightsout · wall_segment Palisade Wall x1 |
| 6:23 | lightsout · wall_segment Palisade Wall x1 |
| 6:23 | lightsout · wall_segment Palisade Wall x1 |
| 6:23 | lightsout · wall_segment Palisade Wall x1 |
| 6:25 | lightsout · wall_segment Palisade Wall x1 |
| 6:25 | lightsout · wall_segment Palisade Wall x1 |
| 7:35 | lightsout · wall_segment Palisade Wall x1 |
| 7:46 | lightsout · wall_segment Palisade Wall x1 |
| 7:47 | lightsout · wall_segment Palisade Wall x1 |
| 8:06 | lightsout · wall_segment Palisade Wall x1 |
| 8:07 | lightsout · wall_segment Palisade Wall x1 |
| 8:08 | baoquanghuy1605 · wall_segment Palisade Wall x10 |
| 8:40 | baoquanghuy1605 · wall_segment Palisade Wall x2 |
| 8:44 | baoquanghuy1605 · wall_segment Palisade Wall x6 |
| 8:47 | baoquanghuy1605 · wall_segment Palisade Wall x8 |
| 8:47 | baoquanghuy1605 · wall_segment Palisade Wall x1 |
| 9:16 | lightsout · age_up feudal |
| 9:49 | baoquanghuy1605 · wall_segment Palisade Wall x4 |
| 9:50 | baoquanghuy1605 · wall_segment Palisade Wall x1 |
| 10:25 | baoquanghuy1605 · wall_segment Palisade Wall x1 |
| 10:40 | baoquanghuy1605 · wall_segment Palisade Wall x1 |
| 10:44 | baoquanghuy1605 · wall_segment Palisade Wall x1 |
| 10:48 | baoquanghuy1605 · wall_segment Palisade Wall x1 |
| 10:50 | lightsout · wall_segment Palisade Wall x14 |
| 11:15 | lightsout · first_building Archery Range |
| 11:16 | baoquanghuy1605 · wall_segment Palisade Wall x1 |
| 11:17 | lightsout · wall_segment Palisade Wall x7 |
| 11:47 | lightsout · wall_segment Palisade Wall x6 |
| 11:48 | baoquanghuy1605 · wall_segment Palisade Wall x6 |
| 11:48 | baoquanghuy1605 · wall_segment Palisade Wall x1 |
| 11:54 | lightsout · wall_segment Palisade Wall x9 |
| 11:59 | lightsout · wall_segment Palisade Wall x8 |
| 12:11 | baoquanghuy1605 · age_up feudal |
| 12:35 | baoquanghuy1605 · first_building Archery Range |
| 13:00 | lightsout · wall_segment Palisade Wall x1 |
| 13:02 | lightsout · wall_segment Palisade Wall x1 |
| 13:06 | lightsout · wall_segment Palisade Wall x1 |
| 13:09 | lightsout · wall_segment Palisade Wall x1 |
| 13:11 | lightsout · wall_segment Palisade Wall x1 |
| 13:28 | lightsout · wall_segment Palisade Wall x7 |
| 13:29 | lightsout · wall_segment Palisade Wall x1 |
| 13:38 | lightsout · wall_segment Palisade Wall x1 |
| 13:55 | lightsout · wall_segment Palisade Wall x1 |
| 14:16 | lightsout · wall_segment Palisade Wall x3 |
| 14:16 | lightsout · wall_segment Palisade Wall x1 |
| 14:17 | lightsout · wall_segment Palisade Wall x1 |
| 15:23 | lightsout · wall_segment Palisade Wall x1 |
| 20:39 | baoquanghuy1605 · wall_segment Palisade Wall x7 |
| 20:40 | baoquanghuy1605 · wall_segment Palisade Wall x1 |
| 20:53 | lightsout · first_building Stable |
| 23:04 | lightsout · age_up castle |
| 23:29 | baoquanghuy1605 · wall_segment Palisade Wall x1 |
| 23:30 | baoquanghuy1605 · wall_segment Palisade Wall x1 |
| 23:30 | baoquanghuy1605 · wall_segment Palisade Wall x1 |
| 23:42 | baoquanghuy1605 · wall_segment Palisade Wall x1 |
| 24:30 | baoquanghuy1605 · wall_segment Palisade Wall x1 |
| 24:31 | baoquanghuy1605 · wall_segment Palisade Wall x1 |
| 26:21 | lightsout · first_building Siege Workshop |
| 26:26 | baoquanghuy1605 · wall_segment Stone Wall x1 |
| 26:27 | baoquanghuy1605 · wall_segment Stone Wall x1 |
| 26:28 | baoquanghuy1605 · wall_segment Stone Wall x1 |
| 26:30 | baoquanghuy1605 · wall_segment Stone Wall x1 |
| 26:31 | baoquanghuy1605 · wall_segment Stone Wall x1 |
| 26:42 | baoquanghuy1605 · wall_segment Stone Wall x4 |
| 26:42 | baoquanghuy1605 · wall_segment Stone Wall x1 |
| 26:55 | lightsout · wall_segment Palisade Wall x1 |
| 26:59 | baoquanghuy1605 · wall_segment Stone Wall x1 |
| 27:56 | baoquanghuy1605 · wall_segment Stone Wall x1 |
| 27:57 | baoquanghuy1605 · wall_segment Stone Wall x1 |
| 29:02 | baoquanghuy1605 · wall_segment Stone Wall x4 |
| 29:02 | baoquanghuy1605 · wall_segment Stone Wall x1 |
| 29:05 | baoquanghuy1605 · wall_segment Stone Wall x1 |
| 29:35 | baoquanghuy1605 · first_market_buy 100 food |
| 30:29 | baoquanghuy1605 · wall_segment Stone Wall x1 |
| 30:31 | baoquanghuy1605 · wall_segment Stone Wall x1 |
| 31:09 | baoquanghuy1605 · wall_segment Stone Wall x1 |
| 31:10 | baoquanghuy1605 · wall_segment Stone Wall x1 |
| 31:15 | baoquanghuy1605 · wall_segment Palisade Wall x1 |
| 31:48 | baoquanghuy1605 · wall_segment Palisade Wall x1 |
| 31:49 | baoquanghuy1605 · wall_segment Palisade Wall x1 |
| 31:50 | baoquanghuy1605 · wall_segment Palisade Wall x1 |
| 31:51 | baoquanghuy1605 · wall_segment Palisade Wall x1 |
| 31:52 | baoquanghuy1605 · wall_segment Palisade Wall x1 |
| 32:17 | baoquanghuy1605 · age_up castle |
| 32:34 | baoquanghuy1605 · wall_segment Palisade Wall x1 |
| 35:22 | lightsout · first_building Monastery |
| 35:49 | baoquanghuy1605 · first_building Monastery |
| 36:54 | lightsout · first_building Castle |
| 37:20 | baoquanghuy1605 · first_building Stable |
| 41:29 | baoquanghuy1605 · first_building Siege Workshop |
| 45:02 | baoquanghuy1605 · resign |
[ ANÁLISIS IA · 1 CRÉDITO ]
¿Qué pasó realmente en esta partida?
Wolo.gg analiza cada decisión: build order, eco, micro, errores típicos por bracket. Análisis personalizado por WhatsApp o Discord en 30 segundos.
Guía civ
Etíopes
Perfil
Jugador #24357949